SNL (28 & UNDER)
MONTGOMERY BISCUITS @ MEMPHIS BLUES
04/05/2027
 
TOP OF THE 1ST
Montgomery Biscuits batting - Pitching for Memphis Blues : LHP Fernando Palácios
Pitching: LHP Fernando Palácios
Batting: LHB Al Gaines 0-0: Ball
1-0: Foul Ball, location: 2F
1-1: Foul Ball, location: 2F
1-2: Ball
2-2: Ball
3-2: Fly out, F9 (Flyball, 9S)
Batting: RHB José Carlos Caraballo 0-0: DOUBLE (Groundball, 5L)
Batting: RHB Rusty Downy 0-0: Called Strike
0-1: Called Strike
0-2: Ball
1-2: Foul Ball, location: 2F
1-2: Ball
2-2: Foul Ball, location: 2F
2-2: SINGLE (Line Drive, 34D)
José Carlos Caraballo to third
Runner from 3rd tries for Home, throw and OUT!
Rusty Downy to second
Batting: SHB Marvin López 0-0: Ball
1-0: Ball
2-0: Ball
3-0: Base on Balls
Batting: LHB Curt Causton 0-0: Ball
1-0: Ball
2-0: Ball
3-0: Base on Balls
Rusty Downy to third
Marvin López to second
Batting: SHB Sean Moody 0-0: Fly out, F9 (Line Drive, 9S)
Top of the 1st over - 0 run(s), 2 hit(s), 0 error(s), 3 left on base; Montgomery 0 - Memphis 0
BOTTOM OF THE 1ST
Memphis Blues batting - Pitching for Montgomery Biscuits : LHP José Mercado
Pitching: LHP José Mercado
Batting: SHB Terry Dailey 0-0: Called Strike
0-1: Foul Ball, location: 2F
0-2: SINGLE (Groundball, 56D)
Batting: LHB Arturo Rivera 0-0: Swinging Strike
0-1: DOUBLE (Line Drive, 7LD)
Terry Dailey to third
Runner from 3rd tries for Home, SAFE, no throw
Batting: RHB Sadao Kato 0-0: Called Strike
0-1: Fly out, F5 (Popup, 5D)
Batting: LHB Chris Austin 0-0: Ball
1-0: Called Strike
1-1: Swinging Strike
1-2: DOUBLE (Line Drive, 8LXD)
Arturo Rivera scores
Batting: RHB Irwin Duncan 0-0: Called Strike
0-1: Foul Ball, location: 2F
0-2: Ground out 6-3 (Groundball, 56)
Batting: LHB Phil Cantrell 0-0: Called Strike
0-1: Fly out, F8 (Flyball, 78S)
Bottom of the 1st over - 2 run(s), 3 hit(s), 0 error(s), 1 left on base; Montgomery 0 - Memphis 2
TOP OF THE 2ND
Montgomery Biscuits batting - Pitching for Memphis Blues : LHP Fernando Palácios
Batting: LHB Alberto Santos 0-0: Ball
1-0: Ball
2-0: Called Strike
2-1: Foul Ball, location: 2F
2-2: Strikes out swinging
Batting: SHB Lawrence Farley 0-0: Ball
1-0: Called Strike
1-1: Foul Ball, location: 2F
1-2: Ball
2-2: Ball
3-2: Base on Balls
Batting: RHB Glen MacDonald 0-0: Called Strike
0-1: Ball
1-1: Foul Ball, location: 2F
1-2: Strikes out looking
Batting: LHB Al Gaines 0-0: Ball
1-0: Swinging Strike
1-1: Fly out, F3 (Popup, 3S)
Top of the 2nd over - 0 run(s), 0 hit(s), 0 error(s), 1 left on base; Montgomery 0 - Memphis 2
BOTTOM OF THE 2ND
Memphis Blues batting - Pitching for Montgomery Biscuits : LHP José Mercado
Batting: RHB Glenn Melican 0-0: Ball
1-0: Called Strike
1-1: Ball
2-1: Ball
3-1: Base on Balls
Batting: RHB Jaime Spiridon 0-0: Ball
1-0: Called Strike
1-1: Swinging Strike
1-2: Foul Ball, location: 2F
1-2: Strikes out swinging
Batting: RHB Salvador Mendoza 0-0: Called Strike
0-1: SINGLE (Groundball, 3D)
Glenn Melican to second
Runner from 2nd tries for 3rd, SAFE, no throw
Batting: SHB Terry Dailey 0-0: Foul Ball, location: 2F
0-1: Ball
1-1: Foul Ball, location: 2F
1-2: Foul Ball, location: 2F
1-2: Ball
2-2: Foul Ball, location: 2F
2-2: Fielders Choice at 2nd, 1-6 (Groundball, P)
Batting: LHB Arturo Rivera 0-0: Called Strike
0-1: Ball
1-1: Fly out, F8 (Flyball, 8RM)
Bottom of the 2nd over - 0 run(s), 1 hit(s), 0 error(s), 2 left on base; Montgomery 0 - Memphis 2
TOP OF THE 3RD
Montgomery Biscuits batting - Pitching for Memphis Blues : LHP Fernando Palácios
Batting: RHB José Carlos Caraballo 0-0: Ball
1-0: Called Strike
1-1: Ball
2-1: Foul Ball, location: 2F
2-2: Strikes out swinging
Batting: RHB Rusty Downy 0-0: Ball
1-0: Ball
2-0: Swinging Strike
2-1: Ball
3-1: Base on Balls
Batting: SHB Marvin López 0-0: Ball
1-0: Called Strike
1-1: Ball
2-1: Called Strike
2-2: Foul Ball, location: 2F
2-2: Ball
3-2: Base on Balls
Rusty Downy to second
Batting: LHB Curt Causton 0-0: Ball
1-0: Fly out, F7 (Flyball, 7LS)
Batting: SHB Sean Moody 0-0: Called Strike
0-1: Fly out, F7 (Flyball, 7)
Top of the 3rd over - 0 run(s), 0 hit(s), 0 error(s), 2 left on base; Montgomery 0 - Memphis 2
BOTTOM OF THE 3RD
Memphis Blues batting - Pitching for Montgomery Biscuits : LHP José Mercado
Batting: RHB Sadao Kato 0-0: Called Strike
0-1: Ball
1-1: Ball
2-1: Ball
3-1: Base on Balls
Batting: LHB Chris Austin 0-0: Ball
1-0: Foul Ball, location: 2F
1-1: Called Strike
1-2: Strikes out swinging
Batting: RHB Irwin Duncan 0-0: Ball
1-0: Called Strike
1-1: Grounds into double play, 5-4-3 (Groundball, 5L)
Bottom of the 3rd over - 0 run(s), 0 hit(s), 0 error(s), 0 left on base; Montgomery 0 - Memphis 2
TOP OF THE 4TH
Montgomery Biscuits batting - Pitching for Memphis Blues : LHP Fernando Palácios
Batting: LHB Alberto Santos 0-0: Called Strike
0-1: Ball
1-1: Swinging Strike
1-2: Ball
2-2: Strikes out looking
Batting: SHB Lawrence Farley 0-0: SINGLE (Flyball, 8LS)
Batting: RHB Glen MacDonald 0-0: Called Strike
0-1: Swinging Strike
0-2: Ball
1-2: Ball
2-2: Ball
3-2: Base on Balls
Lawrence Farley to second
Batting: LHB Al Gaines 0-0: Foul Ball, location: 2F
0-1: Swinging Strike
0-2: Ball
1-2: Ball
2-2: Foul Ball, location: 2F
2-2: Ball
3-2: SINGLE (Groundball, 34S) (infield hit)
Lawrence Farley to third
Glen MacDonald to second
Batting: RHB José Carlos Caraballo 0-0: Ball
1-0: Ball
2-0: Ball
3-0: Base on Balls
Lawrence Farley scores
Glen MacDonald to third
Al Gaines to second
Pitching: RHP Juan Martínez
Batting: RHB Rusty Downy 0-0: Ball
1-0: Ball
2-0: Ball
3-0: Called Strike
3-1: Base on Balls
Glen MacDonald scores
Al Gaines to third
José Carlos Caraballo to second
Batting: SHB Marvin López 0-0: Called Strike
0-1: DOUBLE (Line Drive, 7)
Al Gaines scores
José Carlos Caraballo scores
Rusty Downy to third
Batting: LHB Curt Causton 0-0: Ball
1-0: Ball
2-0: DOUBLE (Flyball, 7D)
Rusty Downy scores
Marvin López scores
Batting: SHB Sean Moody 0-0: Ball
1-0: Called Strike
1-1: Foul Ball, location: 2F
1-2: Ball
2-2: Ball
3-2: 2-RUN HOME RUN (Flyball, 9D), Distance : 406 ft
Pitching: LHP Mario Galván
Batting: LHB Alberto Santos 0-0: Called Strike
0-1: Foul Ball, location: 2F
0-2: Ball
1-2: Ball
2-2: Ball
3-2: Base on Balls
Batting: SHB Lawrence Farley 0-0: Ball
1-0: Called Strike
1-1: Swinging Strike
1-2: Foul Ball, location: 2F
1-2: Fielders Choice at 2nd, 1-6 (Groundball, 13S)
Batting: RHB Glen MacDonald 0-0: Called Strike
0-1: Called Strike
0-2: Foul Ball, location: 2F
0-2: Ball
1-2: Ball
2-2: Ball
3-2: Strikes out looking
Top of the 4th over - 8 run(s), 5 hit(s), 0 error(s), 1 left on base; Montgomery 8 - Memphis 2
BOTTOM OF THE 4TH
Memphis Blues batting - Pitching for Montgomery Biscuits : LHP José Mercado
Batting: LHB Phil Cantrell 0-0: Foul Ball, location: 2F
0-1: Swinging Strike
0-2: Foul Ball, location: 2F
0-2: Strikes out swinging
Batting: RHB Glenn Melican 0-0: Ball
1-0: Ball
2-0: Swinging Strike
2-1: Ball
3-1: Called Strike
3-2: Base on Balls
Batting: RHB Jaime Spiridon 0-0: Ball
1-0: Called Strike
1-1: Swinging Strike
1-2: Strikes out looking
Batting: RHB Salvador Mendoza 0-0: DOUBLE (Groundball, 5L)
Glenn Melican to third
Runner from 3rd tries for Home, SAFE, no throw
Batting: SHB Terry Dailey 0-0: Ground out 4-3 (Groundball, 4)
Bottom of the 4th over - 1 run(s), 1 hit(s), 0 error(s), 1 left on base; Montgomery 8 - Memphis 3
TOP OF THE 5TH
Montgomery Biscuits batting - Pitching for Memphis Blues : LHP Mario Galván
Batting: LHB Al Gaines 0-0: Called Strike
0-1: SINGLE (Groundball, 56D)
Batting: RHB José Carlos Caraballo 0-0: Ball
1-0: Called Strike
1-1: Foul Ball, location: 2F
1-2: Ball
2-2: Foul Ball, location: 2F
2-2: Ball
3-2: SINGLE (Line Drive, 6MD)
Al Gaines to second
Batting: RHB Rusty Downy 0-0: Ball
1-0: Ball
2-0: Ball
3-0: Base on Balls
Al Gaines to third
José Carlos Caraballo to second
Batting: SHB Marvin López 0-0: Ball
1-0: Ball
2-0: Ball
3-0: Called Strike
3-1: Foul Ball, location: 2F
3-2: Foul Ball, location: 2F
3-2: Base on Balls
Al Gaines scores
José Carlos Caraballo to third
Rusty Downy to second
Batting: LHB Curt Causton 0-0: Called Strike
0-1: Foul Ball, location: 2F
0-2: Ball
1-2: Fielders Choice at 2nd, 6-4 (Groundball, 56D)
José Carlos Caraballo scores
Rusty Downy to third
Batting: SHB Sean Moody 0-0: Called Strike
0-1: Called Strike
0-2: Ball
1-2: Ground out 5-3 (Groundball, 56S)
Rusty Downy scores
Curt Causton to second
Batting: LHB Alberto Santos 0-0: Called Strike
0-1: Ball
1-1: Called Strike
1-2: Ball
2-2: Foul Ball, location: 2F
2-2: Ball
3-2: Base on Balls
Batting: SHB Lawrence Farley 0-0: Foul Ball, location: 2F
0-1: Ball
1-1: Fly out, F9 (Flyball, 9)
Top of the 5th over - 3 run(s), 2 hit(s), 0 error(s), 2 left on base; Montgomery 11 - Memphis 3
BOTTOM OF THE 5TH
Memphis Blues batting - Pitching for Montgomery Biscuits : LHP José Mercado
Batting: LHB Arturo Rivera 0-0: Called Strike
0-1: Ball
1-1: Ball
2-1: Foul Ball, location: 2F
2-2: Foul Ball, location: 2F
2-2: SINGLE (Line Drive, 34)
Batting: RHB Sadao Kato 0-0: Called Strike
0-1: Ball
1-1: 2-RUN HOME RUN (Flyball, 7LD), Distance : 373 ft
Batting: LHB Chris Austin 0-0: Called Strike
0-1: Ball
1-1: Ball
2-1: Ground out U3 (Groundball, 34)
Batting: RHB Irwin Duncan 0-0: Ball
1-0: Foul Ball, location: 2F
1-1: Ball
2-1: Foul Ball, location: 2F
2-2: Ball
3-2: Foul Ball, location: 2F
3-2: Foul Ball, location: 2F
3-2: Fly out, F8 (Flyball, 8RS)
Batting: LHB Phil Cantrell 0-0: Ball
1-0: Ground out 6-3 (Groundball, 6M)
Bottom of the 5th over - 2 run(s), 2 hit(s), 0 error(s), 0 left on base; Montgomery 11 - Memphis 5
TOP OF THE 6TH
Montgomery Biscuits batting - Pitching for Memphis Blues : LHP Mario Galván
Pitching: LHP António Dávila
Batting: RHB Glen MacDonald 0-0: Ball
1-0: Ball
2-0: Ball
3-0: Base on Balls
Batting: LHB Al Gaines 0-0: Fly out, F5 (Popup, 5)
Batting: RHB José Carlos Caraballo 0-0: Called Strike
0-1: Called Strike
0-2: Ball
1-2: Foul Ball, location: 2F
1-2: Fielders Choice at 2nd, 6-4 (Groundball, 6)
Batting: RHB Rusty Downy 0-0: Ball
1-0: Called Strike
1-1: Called Strike
1-2: Strikes out swinging
Top of the 6th over - 0 run(s), 0 hit(s), 0 error(s), 1 left on base; Montgomery 11 - Memphis 5
BOTTOM OF THE 6TH
Memphis Blues batting - Pitching for Montgomery Biscuits : LHP José Mercado
Batting: RHB Glenn Melican 0-0: Ball
1-0: SINGLE (Groundball, 6D)
Batting: RHB Jaime Spiridon 0-0: Foul Ball, location: 2F
0-1: Called Strike
0-2: Ball
1-2: Fielders Choice at 2nd, 6-4 (Groundball, 6)
Pitching: RHP Steven Browne
Batting: RHB Salvador Mendoza 0-0: Ball
1-0: Called Strike
1-1: Ball
2-1: Swinging Strike
2-2: Strikes out swinging
Batting: SHB Terry Dailey 0-0: Ball
1-0: Ball
2-0: Called Strike
2-1: Ball
3-1: Base on Balls
Jaime Spiridon to second
Batting: LHB Arturo Rivera 0-0: Ball
1-0: Ball
2-0: Called Strike
2-1: Ball
3-1: Fly out, F7 (Flyball, 78D)
Bottom of the 6th over - 0 run(s), 1 hit(s), 0 error(s), 2 left on base; Montgomery 11 - Memphis 5
TOP OF THE 7TH
Montgomery Biscuits batting - Pitching for Memphis Blues : LHP António Dávila
Batting: SHB Marvin López 0-0: Ball
1-0: Ball
2-0: Ball
3-0: Called Strike
3-1: Base on Balls
Batting: LHB Curt Causton 0-0: Ball
Wild Pitch!
Marvin López to second
1-0: Fly out, F3 (Popup, 3S)
Batting: SHB Sean Moody 0-0: Ball
1-0: Ball
2-0: Foul Ball, location: 2F
2-1: SINGLE (Groundball, 34D)
Marvin López to third
Runner from 3rd tries for Home, SAFE, throw made home
Batting: LHB Alberto Santos 0-0: Called Strike
0-1: Ball
1-1: Fly out, F4 (Line Drive, 4)
Lined into DP, 4-3 (Line Drive, 4)
Top of the 7th over - 1 run(s), 1 hit(s), 0 error(s), 0 left on base; Montgomery 12 - Memphis 5
BOTTOM OF THE 7TH
Memphis Blues batting - Pitching for Montgomery Biscuits : RHP Steven Browne
Batting: RHB Sadao Kato 0-0: Ball
1-0: Reached on error, E3 (Popup, 34)
Batting: LHB Chris Austin 0-0: Ball
1-0: Ball
2-0: Called Strike
2-1: Foul Ball, location: 2F
2-2: Grounds into double play, 1-6-3 (Groundball, 13)
Batting: RHB Irwin Duncan 0-0: Foul Ball, location: 2F
0-1: Ball
1-1: Ball
2-1: Foul Ball, location: 2F
2-2: Foul Ball, location: 2F
2-2: Ball
3-2: Base on Balls
Batting: LHB Phil Cantrell 0-0: Ball
1-0: Ball
2-0: Called Strike
2-1: Ball
3-1: Base on Balls
Irwin Duncan to second
Batting: RHB Glenn Melican 0-0: Called Strike
0-1: Ball
1-1: Swinging Strike
1-2: Strikes out swinging
Bottom of the 7th over - 0 run(s), 0 hit(s), 1 error(s), 2 left on base; Montgomery 12 - Memphis 5
TOP OF THE 8TH
Montgomery Biscuits batting - Pitching for Memphis Blues : LHP António Dávila
Batting: SHB Lawrence Farley 0-0: Ball
1-0: Foul Ball, location: 2F
1-1: Swinging Strike
1-2: Foul Ball, location: 2F
1-2: Foul Ball, location: 2F
1-2: Strikes out swinging
Batting: RHB Glen MacDonald 0-0: Ball
1-0: Foul Ball, location: 2F
1-1: Fly out, F9 (Flyball, 9)
Batting: LHB Al Gaines 0-0: Swinging Strike
0-1: Ground out 1-3 (Groundball, 13S)
Top of the 8th over - 0 run(s), 0 hit(s), 0 error(s), 0 left on base; Montgomery 12 - Memphis 5
BOTTOM OF THE 8TH
Memphis Blues batting - Pitching for Montgomery Biscuits : RHP Steven Browne
Batting: RHB Jaime Spiridon 0-0: Ball
1-0: Ball
2-0: Foul Ball, location: 2F
2-1: Foul Ball, location: 2F
2-2: Ground out 6-3 (Groundball, 6)
Batting: RHB Salvador Mendoza 0-0: Called Strike
0-1: Fly out, F8 (Flyball, 8LD)
Batting: SHB Terry Dailey 0-0: Ball
1-0: Ball
2-0: Ball
3-0: Called Strike
3-1: Base on Balls
Batting: LHB Arturo Rivera 0-0: Ball
1-0: Foul Ball, location: 2F
1-1: Ball
2-1: Fly out, F7 (Flyball, 7D)
Bottom of the 8th over - 0 run(s), 0 hit(s), 0 error(s), 1 left on base; Montgomery 12 - Memphis 5
TOP OF THE 9TH
Montgomery Biscuits batting - Pitching for Memphis Blues : LHP António Dávila
Pitching: RHP Tommy Waters
Batting: RHB José Carlos Caraballo 0-0: Called Strike
0-1: Swinging Strike
0-2: Fly out, F8 (Flyball, 78S)
Batting: RHB Rusty Downy 0-0: Called Strike
0-1: Foul Ball, location: 2F
0-2: Strikes out looking
Batting: SHB Marvin López 0-0: Ball
1-0: Ball
2-0: Ball
3-0: Called Strike
3-1: Foul Ball, location: 2F
3-2: Base on Balls
Batting: LHB Curt Causton 0-0: Fly out, F6 (Line Drive, 6D)
Top of the 9th over - 0 run(s), 0 hit(s), 0 error(s), 1 left on base; Montgomery 12 - Memphis 5
BOTTOM OF THE 9TH
Memphis Blues batting - Pitching for Montgomery Biscuits : RHP Steven Browne
Batting: RHB Sadao Kato 0-0: Ball
1-0: SINGLE (Line Drive, 56D)
Pitching: RHP Clancy Steele
Batting: LHB Chris Austin 0-0: Swinging Strike
0-1: Ground out 3-1 (Groundball, 34S)
Sadao Kato to second
Batting: RHB Irwin Duncan 0-0: Called Strike
0-1: Foul Ball, location: 2F
0-2: Foul Ball, location: 2F
0-2: Strikes out swinging
Batting: LHB Phil Cantrell 0-0: Called Strike
0-1: Foul Ball, location: 2F
0-2: Ball
1-2: Ball
Wild Pitch!
Sadao Kato to third
2-2: Ball
3-2: Base on Balls
Batting: RHB Glenn Melican 0-0: Called Strike
0-1: Foul Ball, location: 2F
0-2: Foul Ball, location: 2F
0-2: Ball
1-2: Ball
2-2: Ball
3-2: Base on Balls
Phil Cantrell to second
Batting: RHB Jaime Spiridon 0-0: Ball
1-0: Ball
2-0: Called Strike
2-1: Fly out, F4 (Line Drive, 4M)
Bottom of the 9th over - 0 run(s), 1 hit(s), 0 error(s), 3 left on base; Montgomery 12 - Memphis 5
Thursday, March 30th, 2017 - OOTP Baseball 17.12 Build 75